AoeStats
← omi_omar

Lombardia

507751913Analyzed
4v4 RM · 11d ago on Sep 19, 2026· 52m 32s· 8 players
Game mode
Random Map
Map size
Large (8 player)
Population
200
Speed
Normal
Resources
Standard
Victory
Conquest
Starting age
Dark Age
Ending age
Imperial Age
RankedLock teamsTeams togetherTeam positionsShared explorationLock speedFull tech treeHidden civsTurbo modeCheats
Victory
Defeat
🇸🇪 Khmer · Sweden
805
+14
🇩🇪 Romans · Germany
767
+15
🇧🇷 Britons · Brazil
755
+16
🇬🇧 Lithuanians · United Kingdom
715
+18
🇺🇸 Malians · United States
762
-16
🇨🇭 Romans · Switzerland
760
-16
🇭🇰 Spanish · Hong Kong SAR China
753
-16
🇺🇸 Franks · United States
740
-15
VeggieBrah
10:36 Feudal Age
11:40 Double-Bit Axe
18:44 Castle Age
17:34 Arson
17:48 Man-at-Arms
19:45 Stone Mining
20:08 Forging
21:55 Treadmill Crane
27:06 Wheelbarrow
27:23 Iron Casting
26:44 Horse Collar
27:42 Squires
28:02 Long Swordsman
29:04 Scale Mail Armor
30:13 Chain Mail Armor
33:38 Imperial Age
31:20 Gold Mining
31:42 Heavy Plow
35:12 Conscription
34:14 Two-Handed Swordsman
35:11 Bow Saw
35:18 Champion
37:26 Plate Mail Armor
40:32 Elite Gbeto
42:13 Gold Shaft Mining
45:38 Pikeman
Smallfung
11:04 Feudal Age
14:44 Castle Age
13:23 Double-Bit Axe
19:10 Wheelbarrow
21:14 Gold Mining
21:39 Horse Collar
28:22 Imperial Age
26:12 Hand Cart
25:43 Town Watch
25:44 Loom
26:19 Bow Saw
26:17 Heavy Plow
26:12 Stone Mining
26:39 Town Patrol
27:43 Scale Barding Armor
27:48 Forging
27:59 Caravan
28:57 Stone Shaft Mining
30:16 Chain Barding Armor
30:32 Iron Casting
33:39 Chemistry
34:17 Bloodlines
34:09 Husbandry
34:45 Plate Barding Armor
35:11 Blast Furnace
34:49 Ballistics
34:03 Cavalier
34:03 Light Cavalry
36:02 Paladin
36:03 Hussar
38:30 Two-Man Saw
37:35 Murder Holes
37:51 Masonry
JustintimeHi
13:27 Feudal Age
15:04 Loom
17:59 Castle Age
16:11 Double-Bit Axe
20:23 Bow Saw
21:55 Gold Mining
25:37 Wheelbarrow
25:11 Stone Mining
25:59 Gold Shaft Mining
26:39 Hand Cart
28:16 Fletching
30:41 Scale Barding Armor
31:45 Forging
32:47 Husbandry
36:50 Imperial Age
34:48 Stone Mining
36:18 Murder Holes
36:02 Pikeman
36:42 Squires
38:05 Chain Barding Armor
38:13 Heavy Scorpion
39:29 Scale Mail Armor
40:12 Cavalier
42:03 Halberdier
43:45 Plate Barding Armor
43:51 Town Watch
44:53 Chivalry
45:19 Conscription
46:49 Chain Mail Armor
47:29 Iron Casting
47:41 Iron Casting
omi_omar
1:26 Loom
11:08 Feudal Age
11:35 Horse Collar
11:42 Double-Bit Axe
18:09 Castle Age
19:14 Bow Saw
19:56 Wheelbarrow
19:54 Town Watch
20:32 Heavy Plow
27:53 Hand Cart
29:37 Caravan
34:06 Imperial Age
31:38 Town Patrol
32:16 Ballistas
32:49 Ballistics
32:42 Masonry
32:39 Padded Archer Armor
32:29 Fletching
32:42 Scale Mail Armor
32:53 Forging
32:51 Gold Mining
35:10 Conscription
35:12 Comitatenses
34:22 Sappers
35:13 Chain Mail Armor
35:08 Forging
35:15 Stone Mining
36:15 Gold Shaft Mining
35:33 Sappers
37:22 Chemistry
37:42 Gold Shaft Mining
37:47 Guilds
38:55 Murder Holes
39:42 Crop Rotation
39:49 Fortified Wall
39:46 Squires
39:26 Pikeman
40:10 Halberdier
41:42 Architecture
41:22 Scale Barding Armor
41:27 Forging
43:07 Elite Centurion
Benthebrit20
7:40 Loom
12:08 Feudal Age
13:00 Stone Mining
12:59 Double-Bit Axe
12:57 Horse Collar
22:04 Castle Age
25:15 Wheelbarrow
27:18 Stone Shaft Mining
28:48 Gold Mining
30:50 Forging
30:45 Scale Barding Armor
35:08 Imperial Age
34:22 Iron Casting
34:08 Chain Barding Armor
35:13 Elite Leitis
36:15 Conscription
36:39 Plate Barding Armor
36:10 Husbandry
36:39 Bloodlines
38:57 Fortified Wall
42:42 Capped Ram
51:28 Bow Saw
Tayssa09
12:44 Feudal Age
13:25 Double-Bit Axe
13:56 Horse Collar
19:19 Castle Age
22:35 Heavy Plow
22:47 Bow Saw
24:24 Gold Mining
27:03 Gold Shaft Mining
33:01 Imperial Age
32:57 Yeomen
34:09 Padded Archer Armor
33:59 Fletching
35:04 Elite Longbowman
36:03 Leather Archer Armor
35:44 Bodkin Arrow
37:04 Caravan
38:40 Chemistry
38:13 Ring Archer Armor
37:43 Bracer
46:04 Guard Tower
Müslischüssel
0:32 Loom
11:48 Feudal Age
13:26 Wheelbarrow
12:58 Double-Bit Axe
15:04 Stone Mining
15:32 Gold Mining
19:26 Horse Collar
24:49 Castle Age
23:24 Man-at-Arms
26:25 Bow Saw
27:30 Long Swordsman
28:11 Squires
27:32 Pikeman
29:05 Heavy Plow
29:46 Gold Shaft Mining
29:43 Hand Cart
30:11 Forging
30:01 Scale Mail Armor
30:15 Caravan
33:47 Masonry
34:08 Ballistics
33:45 Murder Holes
34:01 Fortified Wall
38:27 Imperial Age
38:35 Iron Casting
39:39 Conscription
41:13 Comitatenses
40:19 Legionary
40:45 Heavy Scorpion
40:47 Capped Ram
40:52 Onager
43:00 Chemistry
42:39 Crop Rotation
42:50 Siege Ram
ricksanchez
0:42 Loom
13:31 Feudal Age
15:02 Wheelbarrow
14:43 Double-Bit Axe
20:07 Castle Age
19:01 Stone Mining
19:08 Gold Mining
19:00 Horse Collar
21:27 Hand Cart
26:04 Heavy Plow
26:16 Bow Saw
29:11 Tusk Swords
31:49 Gold Shaft Mining
31:53 Stone Shaft Mining
36:16 Imperial Age
35:46 Forging
35:42 Scale Barding Armor
35:28 Fletching
37:18 Conscription
37:43 Ballistics
38:23 Chemistry
37:19 Murder Holes
37:14 Town Watch
37:43 Double Crossbow
38:50 Elite Ballista Elephant
41:39 Iron Casting
41:25 Chain Barding Armor
41:00 Bodkin Arrow
41:29 Caravan
47:37 Fortified Wall
47:33 Siege Engineers
Connection lost

Rejoining the realm…

Still unreachable

The connection could not be restored.

Session expired

The server has moved on; the page needs a fresh start.